AoeStats
← Battousai_Mc

Arena

506947510Analyzed
4v4 RM · 17d ago on Sep 15, 2026· 50m 45s· 8 players
Game mode
Random Map
Map size
Large (8 player)
Population
200
Speed
Normal
Resources
Standard
Victory
Conquest
Starting age
Dark Age
Ending age
Imperial Age
RankedLock teamsTeams togetherTeam positionsShared explorationLock speedFull tech treeHidden civsTurbo modeCheats
Victory
Defeat
🇨🇱 Chinese · Chile
899
+15
🇯🇵 Slavs · Japan
892
+16
🇲🇽 Teutons · Mexico
876
+16
🇦🇷 Khmer · Argentina
865
+17
🇺🇸 Burgundians · United States
934
-18
🇫🇷 Bohemians · France
927
-18
🇨🇴 Goths · Colombia
846
-14
🇨🇴 Portuguese · Colombia
838
-14
Seceptania
11:39 Feudal Age
13:01 Wheelbarrow
12:09 Horse Collar
12:19 Double-Bit Axe
17:34 Castle Age
20:31 Fervor
30:24 Loom
30:54 Hand Cart
30:25 Town Watch
34:27 Imperial Age
32:11 Forging
32:01 Scale Mail Armor
32:07 Scale Barding Armor
31:53 Fletching
32:03 Padded Archer Armor
32:29 Town Patrol
34:04 Gold Mining
34:05 Stone Mining
34:40 Bloodlines
34:57 Chain Barding Armor
34:52 Chain Mail Armor
35:13 Iron Casting
35:07 Ballistics
34:58 Masonry
34:59 Fortified Wall
34:53 Devotion
34:46 Gambesons
35:02 Squires
34:47 Arson
34:34 Cavalier
36:09 Crenellations
36:10 Conscription
36:31 Hoardings
36:06 Siege Engineers
37:02 Chemistry
36:48 Plate Barding Armor
36:09 Bodkin Arrow
36:30 Leather Archer Armor
37:05 Heavy Plow
37:17 Bow Saw
37:03 Paladin
38:24 Plate Mail Armor
39:08 Blast Furnace
38:54 Ring Archer Armor
39:29 Stone Shaft Mining
45:35 Guilds
卫士之下我无敌
13:16 Feudal Age
17:09 Castle Age
15:16 Double-Bit Axe
15:30 Horse Collar
18:17 Gold Mining
18:18 Stone Mining
18:41 Bow Saw
18:37 Heavy Plow
24:59 Loom
25:50 Wheelbarrow
28:33 Imperial Age
29:07 Hand Cart
29:41 Gold Shaft Mining
29:42 Stone Shaft Mining
29:26 Scale Barding Armor
29:33 Forging
29:39 Bloodlines
29:30 Husbandry
29:28 Elite Battle Elephant
30:34 Chain Barding Armor
30:42 Conscription
32:26 Iron Casting
32:31 Tusk Swords
34:57 Blast Furnace
34:35 Plate Barding Armor
48:08 Light Cavalry
49:42 Town Watch
Battousai_Mc
10:23 Feudal Age
15:07 Castle Age
13:08 Horse Collar
13:21 Double-Bit Axe
14:47 Stone Mining
19:30 Heavy Plow
22:31 Gold Mining
30:19 Imperial Age
28:20 Forging
28:11 Scale Mail Armor
28:57 Gold Shaft Mining
28:50 Bow Saw
29:07 Ballistics
28:59 Loom
31:44 Wheelbarrow
30:55 Town Watch
32:13 Iron Casting
31:44 Scale Barding Armor
32:12 Conscription
31:19 Light Cavalry
32:50 Fletching
35:18 Blast Furnace
34:20 Murder Holes
34:41 Fortified Wall
35:04 Bodkin Arrow
34:54 Cavalier
37:36 Chain Mail Armor
37:41 Chain Barding Armor
38:29 Hand Cart
38:15 Town Patrol
44:14 Elite Fire Lancer
44:41 Arson
44:57 Squires
kokokun
13:58 Feudal Age
15:01 Horse Collar
16:42 Scale Mail Armor
16:54 Forging
18:19 Loom
20:47 Castle Age
19:44 Double-Bit Axe
19:58 Stone Mining
23:06 Wheelbarrow
22:48 Heavy Plow
23:01 Bow Saw
22:48 Gold Mining
23:16 Pikeman
26:51 Squires
29:26 Hand Cart
30:35 Gold Shaft Mining
30:32 Chain Mail Armor
30:53 Iron Casting
31:06 Husbandry
31:17 Bloodlines
33:48 Imperial Age
32:01 Masonry
32:12 Ballistics
32:15 Detinets
33:32 Scale Barding Armor
33:48 Murder Holes
35:16 Plate Mail Armor
35:47 Blast Furnace
35:09 Chain Barding Armor
35:33 Crop Rotation
36:20 Two-Man Saw
34:59 Halberdier
39:28 Hoardings
39:48 Plate Barding Armor
39:36 Elite Boyar
42:52 Druzhina
shadynou25
11:15 Feudal Age
10:23 Wheelbarrow
9:46 Double-Bit Axe
12:06 Horse Collar
15:37 Castle Age
14:51 Bow Saw
14:41 Heavy Plow
14:38 Gold Mining
14:38 Stone Mining
15:45 Stone Mining
15:43 Town Watch
16:17 Hand Cart
21:39 Treadmill Crane
27:13 Husbandry
26:35 Cavalier
28:05 Town Watch
28:07 Loom
29:10 Ballistics
29:44 Scale Barding Armor
29:50 Forging
31:26 Two-Man Saw
30:57 Crop Rotation
31:00 Burgundian Vineyards
36:22 Imperial Age
34:40 Chain Barding Armor
34:56 Iron Casting
34:22 Padded Archer Armor
35:35 Scale Mail Armor
35:40 Squires
35:28 Arson
37:30 Conscription
38:23 Chemistry
37:03 Paladin
41:28 Plate Barding Armor
42:06 Chain Mail Armor
42:06 Flemish Revolution
43:44 Plate Mail Armor
45:14 Blast Furnace
LuisFr15
3:34 Loom
13:17 Feudal Age
14:16 Double-Bit Axe
14:11 Horse Collar
18:42 Castle Age
18:25 Wheelbarrow
24:47 Hand Cart
25:25 Gold Mining
25:28 Stone Mining
26:40 Bow Saw
26:31 Heavy Plow
29:54 Stone Shaft Mining
31:59 Imperial Age
30:39 Town Watch
32:09 Ballistics
33:00 Conscription
32:44 Arquebus
32:08 Elite Organ Gun
33:56 Chemistry
34:50 Town Patrol
36:05 Siege Engineers
41:55 Pikeman
42:12 Onager
42:23 Halberdier
44:21 Forging
44:12 Scale Mail Armor
45:59 Chain Mail Armor
46:20 Iron Casting
47:12 Gambesons
48:41 Blast Furnace
48:11 Plate Mail Armor
Tatobuendia96
10:54 Feudal Age
12:48 Loom
15:37 Castle Age
13:29 Double-Bit Axe
16:49 Bow Saw
21:46 Horse Collar
24:54 Wheelbarrow
25:31 Anarchy
25:19 Pikeman
27:42 Hand Cart
27:36 Stone Mining
28:06 Squires
28:39 Town Watch
29:24 Town Patrol
29:31 Heavy Plow
29:24 Gold Mining
30:11 Stone Shaft Mining
33:13 Imperial Age
31:10 Forging
31:01 Scale Mail Armor
31:35 Scale Mail Armor
34:02 Iron Casting
33:43 Chain Mail Armor
33:33 Halberdier
34:51 Crop Rotation
35:24 Two-Man Saw
35:12 Perfusion
36:52 Blast Furnace
39:11 Elite Huskarl
40:13 Conscription
Dalta75
10:35 Feudal Age
11:11 Double-Bit Axe
11:06 Horse Collar
13:41 Loom
16:29 Castle Age
17:31 Bow Saw
19:07 Loom
20:51 Heavy Plow
27:40 Wheelbarrow
31:24 Imperial Age
28:40 Town Watch
29:50 Hand Cart
29:37 Town Patrol
30:03 Scale Mail Armor
31:28 Chemistry
31:25 Masonry
30:57 Treadmill Crane
31:52 Coinage
31:55 Forging
31:36 Fletching
31:47 Padded Archer Armor
33:54 Two-Man Saw
32:54 Murder Holes
33:20 Bombard Tower
33:23 Chain Mail Armor
34:21 Iron Casting
34:20 Architecture
33:45 Pikeman
34:11 Arson
34:28 Squires
36:31 Caravan
36:49 Siege Engineers
36:56 Fortified Wall
39:30 Plate Mail Armor
40:01 Blast Furnace
39:17 Leather Archer Armor
40:38 Conscription
40:51 Bodkin Arrow
42:19 Ballistics
44:21 Wagenburg Tactics
44:16 Halberdier
45:28 Banking
45:03 Bracer
48:00 Ring Archer Armor
48:13 Guilds
48:02 Houfnice
50:11 Man-at-Arms
Connection lost

Rejoining the realm…

Still unreachable

The connection could not be restored.

Session expired

The server has moved on; the page needs a fresh start.